 Dungeon Crawl Stone Soup version 0.18-a0-670-g393520a (webtiles) character file.

70 Proton the Shield-Bearer (level 4, -7/37 HPs)
             Began as a Formicid Fighter on Dec 6, 2015.
             Mangled by Proton's ghost (13 damage)
             ... on level 3 of the Dungeon.
             The game lasted 00:02:30 (1379 turns).

Proton the Shield-Bearer (Formicid Fighter)         Turns: 1379, Time: 00:02:30

Health: -7/37      AC:  6    Str: 22    XL:     4   Next: 45%
Magic:  4/4        EV:  8    Int:  7    God:
Gold:   86         SH:  9    Dex: 10    Spells: 0 memorised, 3 levels left

rFire  . . .     SeeInvis +     a - +0 war axe
rCold  . . .     Clarity  .     b - +0 scale mail
rNeg   . . .     SustAt   .     c - +0 shield
rPois  .         Gourm    .     (helmet unavailable)
rElec  .         Spirit   .     (no cloak)
rCorr  .         Dismiss  .     (no gloves)
rMut   .         Stasis   +     (no boots)
MR     +....                    (no amulet)
Stlth  ..........               (no ring)
                                h - ring of protection from magic

@: somewhat resistant to hostile enchantments, extremely unstealthy
A: permanent stasis, dig shafts and tunnels, four strong arms, antennae 3
a: Dig, Shaft Self


You were on level 3 of the Dungeon.
You were not hungry.

You visited 1 branch of the dungeon, and saw 3 of its levels.

You collected 86 gold pieces.

Inventory:

Hand Weapons
 a - a +0 war axe (weapon)
Armour
 b - a +0 scale mail (worn)
 c - a +0 shield (worn)
Jewellery
 h - a ring of protection from magic (left hand)
Wands
 l - a wand of digging (12)
Scrolls
 f - 2 scrolls of teleportation {unknown}
 j - a scroll of random uselessness {unknown}
 k - 2 scrolls of identify {unknown}
 m - a scroll of remove curse {unknown}
 n - a scroll of enchant armour {unknown}
 p - a scroll of noise {unknown}
 s - a scroll of immolation {unknown}
Potions
 d - a potion of might
 g - a potion of agility {unknown}
 o - a potion of curing {unknown}
Comestibles
 e - a bread ration
 i - a meat ration
 q - a beef jerky


   Skills:
 + Level 3.8 Fighting
 + Level 2.7 Axes
 + Level 3.5 Armour
 + Level 1.5 Dodging
 + Level 4.0 Shields


You had 3 spell levels left.
You didn't know any spells.

Dungeon Overview and Level Annotations

Branches:
Dungeon (3/15)

Altars:
Dithmenos

Annotations:
D:3 Proton's ghost, novice FoFi


Innate Abilities, Weirdness & Mutations

You are under a permanent stasis effect.
You can dig through walls and to a lower floor.
Your four strong arms can wield two-handed weapons with a shield.
You have a pair of large antennae on your head (SInv).


Message History

You are too injured to fight recklessly!
You are too injured to fight recklessly!
You are too injured to fight recklessly!
You are too injured to fight recklessly!
You are too injured to fight recklessly!
There is a stone staircase leading up here.
You hit Proton's ghost.
Proton's ghost is lightly damaged.
Proton's ghost hits you!
* * * LOW HITPOINT WARNING * * *
Proton's ghost hits you but does no damage.
You hit Proton's ghost.
Proton's ghost is lightly damaged.
Proton's ghost hits you.
* * * LOW HITPOINT WARNING * * *
You hit Proton's ghost.
Proton's ghost is moderately damaged.
Proton's ghost hits you but does no damage.
Proton's ghost hits you!
You die...

.. #.# . ##.# .. .. #[..
#.### . #w#### #..# #... ..
##..W###..##. ..## ..>
............. ###..####....
....)...# #............
...).#..########....#.......
...........)wrgW@..#_#
......##########..).#.......
....... ..................
.....##. ..............(...
.....# # ######.......#....
.....# #.......#.... .....
######### ###


You could see a worm, Proton's ghost, a hobgoblin and a rat.

Vanquished Creatures
  2 adders
  2 bats (D:2)
  8 hobgoblins
  A quokka (D:2)
  2 ball pythons
  A giant gecko (D:2)
  4 giant newts
  7 goblins
  2 kobolds (D:1)
  36 rats
65 creatures vanquished.

Notes
Turn   | Place    | Note
--------------------------------------------------------------
     0 | D:1      | Proton the Formicid Fighter began the quest for the Orb.
     0 | D:1      | Reached XP level 1. HP: 18/18 MP: 1/1
   238 | D:1      | Reached XP level 2. HP: 24/24 MP: 2/2
   698 | D:2      | Reached skill level 1 in Dodging
   698 | D:2      | Reached XP level 3. HP: 29/29 MP: 3/3
  1054 | D:2      | Reached XP level 4. HP: 29/37 MP: 4/4
  1111 | D:3      | Found a faded altar to an unknown god.
  1119 | D:3      | Became a worshipper of Dithmenos the Shadowed
  1119 | D:3      | Reached * piety under Dithmenos
  1132 | D:3      | Fell from the grace of Dithmenos
  1138 | D:3      | Noticed Proton's ghost (novice FoFi)
  1214 | D:2      | Reached skill level 4 in Shields
  1379 | D:3      | Mangled by Proton's ghost

Vault maps used:
D:1:      dpeg_arrival_tiny_d
D:2:      minmay_rats_cheesy_pizza
D:3:      grunt_temple_overflow_open, ecumenical_altar_1, st_stairs_4,
          hangedman_abyss_or_decor_stabs, uniq_purgy

Action                   |  1- 3 |  4- 6 || total
-------------------------+-------+-------++-------
Melee: War axe           |   108 |    46 ||   154
Invok: Renounce Religion |       |     1 ||     1
  Eat: Pizza             |       |     1 ||     1
